 Dungeon Crawl Stone Soup version 0.23.1 (webtiles) character file.

Game seed: 8985338811156050829

1567 Borgoz the Sneak (level 8, -2/66 HPs)
             Began as a Ghoul Enchanter on Mar 2, 2019.
             Was an Initiate of Ashenzari.
             Slain by a two-headed ogre
             ... wielding a +0 dire flail of venom
              (24 damage)
             ... on level 6 of the Dungeon.
             The game lasted 00:16:50 (7391 turns).

Borgoz the Sneak (Ghoul Enchanter)                  Turns: 7391, Time: 00:16:50

Health: -2/66      AC:  8    Str: 12    XL:     8   Next: 90%
Magic:  0/3        EV: 12    Int: 10    God:    Ashenzari [......]
Gold:   385        SH:  0    Dex: 11    Spells: 7/13 levels left

rFire    . . .     SeeInvis .   g - +3 dagger (antimagic)
rCold    + . .     Gourm    .   (no shield)
rNeg     + + +     Faith    .   p - +3 leather armour (curse)
rPois    ∞         Spirit   +   (no helmet)
rElec    .         Reflect  .   (no cloak)
rCorr    .         Harm     .   k - +1 pair of gloves (curse)
MR       .....                  (no boots)
Stlth    +++.......             D - amulet of guardian spirit (curse)
HPRegen  0.00/turn              (no ring)
MPRegen  0.08/turn              (no ring)

@: rotting
A: rotting body, claws 1, carnivore, cold resistance 1, negative energy
resistance 3, inhibited regeneration, torment resistance, unbreathing
a: Curse Item, Renounce Religion


You were on level 6 of the Dungeon.
You worshipped Ashenzari.
Ashenzari was noncommittal.
You were not hungry.

You visited 2 branches of the dungeon, and saw 7 of its levels.
You also visited: Sewer and Ossuary.

You collected 385 gold pieces.

Inventory:

Hand Weapons
 a - a +3 short sword of venom
 b - a +0 blowgun
 c - a +2 whip of electrocution
 g - a +3 antimagic dagger (weapon)
Missiles
 e - 92 poisoned needles
 i - 3 curare-tipped needles
Armour
 k - a cursed +1 pair of gloves (worn)
 p - a cursed +3 leather armour (worn)
 y - a +0 ring mail
Jewellery
 D - a cursed amulet of guardian spirit (around neck)
Wands
 A - a wand of random effects (24)
 G - a wand of digging (5)
Scrolls
 f - 3 scrolls of enchant armour
 l - 5 scrolls of teleportation
 n - a scroll of identify
 t - 3 scrolls of immolation {unknown}
 u - 2 scrolls of fear
 x - 3 scrolls of remove curse
 C - a scroll of amnesia
Potions
 h - a potion of cancellation {unknown}
 j - 8 potions of curing
 m - 4 potions of degeneration {unknown}
 o - 2 potions of resistance {unknown}
 q - 4 potions of lignification
 r - a potion of agility {unknown}
 s - 7 potions of heal wounds
 v - 2 potions of flight {unknown}
 w - 4 potions of brilliance
 z - 6 potions of might {unknown}
 B - a potion of haste
 H - a potion of magic {unknown}
Comestibles
 d - 14 rations


   Skills:
 + Level 3.7 Fighting
 * Level 4.5 Short Blades
 - Level 3.0 Throwing
 + Level 2.9 Armour
 + Level 3.4 Dodging
 + Level 5.3 Stealth
 + Level 3.3 Spellcasting
 + Level 3.7 Hexes
 + Level 1.8 Evocations


You had 7 spell levels left.
You knew the following spells:

 Your Spells              Type           Power        Failure   Level  Hunger
a - Corona                Hex            #......      8%          1    #......
b - Ensorcelled Hibernat  Hex/Ice        #.....       24%         2    ###....
c - Confuse               Hex            #.......     22%         3    ###....

Your spell library contained the following spells:

 Spells                   Type           Power        Failure   Level  Hunger
 Tukima's Dance           Hex            #.......     22%         3    ###....
 Dazzling Spray           Conj/Hex       #.....       43%         3    ###....


Dungeon Overview and Level Annotations

Branches:
Dungeon (6/15)             Temple (1/1) D:5

Altars:
Ashenzari
Cheibriados
Dithmenos
Elyvilon
Fedhas
Gozag
Hepliaklqana
Kikubaaqudgha
Makhleb
Nemelex Xobeh
Okawaru
Qazlal
Ru
Sif Muna
Trog
Uskayaw
Vehumet
Wu Jian
Xom
Yredelemnul
Zin
The Shining One

Shops:
D:5 [


Innate Abilities, Weirdness & Mutations

Your body is rotting away.
You thrive on raw meat.
You are immune to poison.
You have sharp fingernails.
You are carnivorous and can eat meat at any time.
Your flesh is cold resistant. (rC+)
You are immune to negative energy. (rN+++)
You do not regenerate when monsters are visible.
You are immune to unholy pain and torment.
You can survive without breathing.


Message History

The two-headed ogre is severely wounded.
The two-headed ogre barely misses you.
The two-headed ogre hits you with a +0 giant club!
You hit the two-headed ogre.
The two-headed ogre is severely wounded.
You barely miss the two-headed ogre.
The two-headed ogre is severely wounded.
The two-headed ogre hits you with a +0 dire flail of venom!
The two-headed ogre barely misses you.
You hit the two-headed ogre but do no damage.
The two-headed ogre is severely wounded.
The two-headed ogre hits you with a +0 dire flail of venom.
The two-headed ogre hits you with a +0 giant club!
You hit the two-headed ogre.
The two-headed ogre is severely wounded.
You hit the two-headed ogre but do no damage.
The two-headed ogre is severely wounded.
The two-headed ogre closely misses you.
The two-headed ogre hits you with a +0 giant club!!
You die...

########### #.........###
#.........##########............
#...............................
#.........#########......#
###.######## ######......#
...........###....#......#
###.#####.........#......#
...>.....................####
..#######.......@O).........#
..# ##.###..............# ..#
#.#................# ..#
#.#......#.........# ..#
#.#......#.###.....# ..#
#.#....###.###...$.# ..#
#.#....# #..##.....# ########
#.#....# ##.##.#####
##.....###.###### #..#.#######


You could see a two-headed ogre.

Vanquished Creatures
  A sky beast (D:4)
  A phantom (D:5)
  An ice beast (D:6)
  An elf zombie (Ossuary)
  2 big kobolds
  A wyvern skeleton (D:6)
  A howler monkey (D:6)
  A human zombie (Ossuary)
  4 centaur zombies (Ossuary)
  A hound (D:4)
  A jelly (D:6)
  3 orc wizards
  A bullfrog skeleton (D:4)
  Natasha (thrice) (D:2)
  An iguana (D:5)
  2 worker ants
  A big kobold zombie (Ossuary)
  4 mummies
  11 adders
  6 gnolls
  A howler monkey skeleton (D:5)
  8 river rats (Sewer)
  4 oozes
  3 adder zombies (Ossuary)
  6 worms
  A leopard gecko (D:3)
  7 orcs
  7 giant cockroaches
  3 gnoll zombies (Ossuary)
  15 goblins
  6 hobgoblins
  5 jackals
  A quokka (D:3)
  7 ball pythons
  11 bats
  4 frilled lizards
  5 goblin zombies (Ossuary)
  2 hobgoblin zombies (Ossuary)
  6 jackal zombies (Ossuary)
  42 kobolds
  4 kobold zombies (Ossuary)
  2 orc zombies
  2 quokka zombies (Ossuary)
  23 rats
  4 rat zombies (Ossuary)
226 creatures vanquished.

Notes
Turn   | Place    | Note
-------+----------+-------------------------------------------
     0 | D:1      | Borgoz the Ghoul Enchanter began the quest for the Orb.
     0 | D:1      | Reached XP level 1. HP: 14/14 MP: 2/2
    57 | D:1      | Reached skill level 1 in Short Blades
    88 | D:1      | Reached XP level 2. HP: 10/21 MP: 3/3
   856 | D:2      | HP: 1/22 [worker ant (7)]
   862 | D:2      | Reached skill level 1 in Fighting
   862 | D:2      | Reached XP level 3. HP: 15/28 MP: 4/4
   996 | D:2      | Reached XP level 4. HP: 33/35 MP: 6/6
  1524 | D:2      | Noticed Natasha
  1527 | D:2      | Killed Natasha
  1527 | D:2      | Reached skill level 1 in Throwing
  1527 | D:2      | Reached XP level 5. HP: 35/39 MP: 7/7
  1535 | D:2      | Learned a level 2 spell: Ensorcelled Hibernation
  1539 | D:2      | Learned a level 3 spell: Confuse
  1609 | D:2      | Reached skill level 1 in Armour
  1901 | D:2      | Noticed Natasha
  1914 | D:2      | Killed Natasha
  2045 | D:2      | Noticed Natasha
  2051 | D:2      | Killed Natasha
  2191 | D:3      | Reached skill level 4 in Stealth
  2207 | D:3      | Found a glowing drain.
  2241 | D:3      | Reached XP level 6. HP: 24/48 MP: 8/8
  2266 | Sewer    | Entered a sewer
  3244 | D:3      | Reached XP level 7. HP: 41/56 MP: 9/9
  4401 | D:4      | Found a radiant altar of Vehumet.
  4403 | D:4      | Found an iron altar of Okawaru.
  4549 | D:5      | Entered Level 5 of the Dungeon
  4823 | D:5      | Reached XP level 8. HP: 50/63 MP: 11/11
  5219 | D:5      | Found a staircase to the Ecumenical Temple.
  5233 | D:5      | Reached skill level 1 in Evocations
  5250 | Temple   | Entered the Ecumenical Temple
  5417 | Temple   | Became a worshipper of Ashenzari the Shackled
  5559 | D:5      | Found Qurghiefi's Armour Shoppe.
  6067 | D:6      | Reached skill level 5 in Stealth
  6138 | D:6      | Noticed a two-headed ogre
  6160 | D:6      | Found a sand-covered staircase.
  6270 | Ossuary  | Entered an ossuary
  7391 | D:6      | Slain by a two-headed ogre

Skill      XL: |  1  2  3  4  5  6  7  8 |
---------------+-------------------------+-----
Short Blades   | 1 2 3 4 |  4.5
Fighting       | 1 2 3 |  3.7
Dodging        | 2 3 |  3.4
Spellcasting   | 2 3 |  3.3
Throwing       | 1 2 3 |  3.0
Armour         | 1 2 |  2.9
Stealth        | 4 5 |  5.3
Hexes          | 3 |  3.7
Evocations     | 1 |  1.8

Action                   |  1- 3 |  4- 6 |  7- 9 || total
-------------------------+-------+-------+-------++-------
Melee: Whip              |    67 |   112 |       ||   179
       Dagger            |     2 |       |   243 ||   245
       Short sword       |       |   159 |   268 ||   427
Throw: Throwing net      |       |       |     1 ||     1
 Cast: Corona            |       |       |     1 ||     1
Invok: Curse Item        |       |       |     2 ||     2
  Use: Scroll            |     4 |     2 |     9 ||    15
       Potion            |     3 |       |     1 ||     4
 Stab: Sleeping          |     7 |     5 |     6 ||    18
       Distracted        |       |       |     1 ||     1
       Held in net/web   |       |       |     2 ||     2
  Eat: Chunk             |    13 |    23 |    22 ||    58
Armor: Robe              |    18 |    15 |       ||    33
       Leather armour    |       |    91 |   136 ||   227
Dodge: Dodged            |    35 |   230 |   287 ||   552
